 Dungeon Crawl Stone Soup version 0.31-a0-1074-g0b22e4e0f1 (webtiles) character file.

Game seed: 15153446396570348005

428 bmb222 the Cudgeller (level 6, 0/39 HPs)
             Began as a Gargoyle Fighter on Nov 26, 2023.
             Was a Follower of Okawaru.
             Slain by a bullfrog (1 damage)
             ... in a sewer.
             The game lasted 00:05:33 (3617 turns).

bmb222 the Cudgeller (Gargoyle Fighter)             Turns: 3617, Time: 00:05:34

Health: 0/39       AC: 15    Str: 22    XL:     6   Next: 98%
Magic:  6/6        EV:  9    Int:  8    God:    Okawaru [*.....]
Gold:   188        SH:  4    Dex:  9    Spells: 5/5 levels left

rFire   . . .        a - +1 flail
rCold   + . .        c - +0 buckler
rNeg    + + .        b - +0 scale mail
rPois   ∞            f - +0 helmet
rElec   +            (no cloak)
rCorr   .            (no gloves)
SInv    .            s - +1 pair of boots
Will    .....        (no amulet) Stlth
                     e - ring of positive energy
HPRegen 0.26/turn    i - ring of protection from cold
MPRegen 0.10/turn

%: no passive effects
@: mighty, hasted, invisible, quick
A: sickness immunity, AC +4, negative energy resistance 1, electricity
resistance, torment resistance 1, petrification resistance
a: Renounce Religion, Heroism


You were in a sewer.
You worshipped Okawaru.
Okawaru was aware of your devotion.
You visited 1 branch of the dungeon, and saw 4 of its levels.
You also visited: Sewer.

You collected 188 gold pieces.

Inventory:

Hand Weapons
 a - a +1 flail (weapon)
Missiles
 r - 3 boomerangs
Armour
 b - a +0 scale mail (worn)
 c - a +0 buckler (worn)
 f - a +0 helmet (worn)
 s - a +1 pair of boots (worn)
Jewellery
 e - a ring of positive energy (left hand)
 i - a ring of protection from cold (right hand)
Scrolls
 k - 2 scrolls of amnesia
 n - a scroll of poison {unknown}
 q - a scroll of noise {unknown}
 u - a scroll of vulnerability {unknown}
 w - a scroll of teleportation {unknown}
 x - a scroll of fog {unknown}
Potions
 j - a potion of ambrosia {unknown}
 l - a potion of haste
 o - a potion of heal wounds {unknown}
 t - a potion of lignification


   Skills:
 * Level 4.4 Fighting
 * Level 5.5 Maces & Flails
 + Level 4.4 Armour
 + Level 1.1 Dodging
 + Level 3.8 Shields


You had 5 spell levels left.
You didn't know any spells.
Your spell library contained the following spells:

 Spells                   Type           Power      Damage    Failure   Level
 Ignite Poison            Fire/Tmut/Pois 0%         N/A       99%         3
 Freezing Cloud           Conj/Ice/Air   0%         6-21      100%        5
 Summon Small Mammal      Summ           Unusable   N/A       N/A         1
 Cigotuvi's Dreadful Rot  Necr/Pois/Air  Unusable   N/A       N/A         2
 Call Canine Familiar     Summ           Unusable   N/A       N/A         3
 Summon Guardian Golem    Hex/Summ       Unusable   N/A       N/A         3

Dungeon Overview and Level Annotations

Branches:
Dungeon (4/15)              Sewer (1/1)
 Temple: D:4-7

Altars:
Okawaru

Shops:
D:3 (

Annotations:
D:3 3 runed translucent doors, Tollund's ghost, amateur FoHu


Innate Abilities, Weirdness & Mutations

You are immune to sickness and miasma.
Your stone body is resilient. (AC +4)
You are immune to poison.
You resist negative energy. (rN+)
You are resistant to electric shocks. (rElec)
You are resistant to unholy torment.
You are immune to petrification.


Message History

You barely miss the ball python.
The bullfrog hits you but does no damage.
The ball python barely misses you. The ball python constricts you.
The adder bites you but does no damage. The bullfrog closely misses you.
The adder bites you but does no damage.
The bullfrog hits you but does no damage.
You barely miss the ball python. You block the adder's attack.
The ball python bites you but does no damage.
The ball python constricts you.
The bullfrog hits you but does no damage.
The adder bites you but does no damage.
The bullfrog hits you but does no damage.
The adder barely misses you.
You sock the ball python!
You kill the ball python!
Okawaru accepts your kill.
The bullfrog hits you but does no damage. x2
The adder bites you but does no damage. The frilled lizard barely misses you.
You enter the shallow water.
Moving in this stuff is going to be slow. ...and don't expect to remain undetected.
The bullfrog hits you.
* * * LOW HITPOINT WARNING * * *
The bullfrog hits you but does no damage.
The adder bites you but does no damage. The bullfrog attacks as it pursues you!
The bullfrog hits you but does no damage.
You block the adder's attack. The bullfrog attacks as it pursues you!
The bullfrog hits you.
* * * LOW HITPOINT WARNING * * *
The bullfrog swells and bulges.
The bullfrog hits you but does no damage.
The adder attacks as it pursues you! You block the adder's attack.
The adder attacks as it pursues you! The adder bites you but does no damage.
The bullfrog hits you.
* * * LOW HITPOINT WARNING * * *
The adder closely misses you.
The bullfrog snags a nearby small bird with its tongue.
The bullfrog hits you.
You die...

#≈~~~≈≈# #≈≈~~≈≈#
#≈#~~~≈# #≈≈≈~~~#
#~~≈≈≈≈# #≈≈~~~~#
#~.~≈≈≈# #≈≈~≈~~#
#≈.~≈≈≈# #≈~.~.##
#≈~≈≈≈≈# #≈.($~.#
#~≈SS≈≈# #≈~††~≈#
#≈≈FFSl# #~~≈~≈≈#
#≈≈~@≈≈# #~≈~≈≈≈#
#≈~~~~≈# #~~~~≈≈#
#~≈≈~~≈# #≈≈~~~≈#
#≈~≈~~≈##### #~~≈~≈~#
##~~.~###..# #.~~.~##
#......##..###......#
##......##'##......##
#.........#.......#
##...............##


You could see 2 bullfrogs, 2 adders, a ball python and a frilled lizard.

Vanquished Creatures
  A jelly (D:4)
  An orc priest (D:4)
  A sleepcap (D:4)
  2 orc wizards (D:4)
  An iguana (D:4)
  9 adders
  9 river rats (Sewer)
  A worm (D:2)
  2 dart slugs
  4 orcs (D:4)
  6 endoplasms
  2 goblins
  5 hobgoblins (D:1)
  8 kobolds
  4 quokkas
  10 ball pythons
  9 bats
  4 frilled lizards
  42 rats
121 creatures vanquished.

Notes
Turn   | Place    | Note
-------+----------+-------------------------------------------
     0 | D:1      | bmb222 the Gargoyle Fighter began the quest for the Orb.
     0 | D:1      | Reached XP level 1. HP: 14/14 MP: 1/1
    52 | D:1      | Reached XP level 2. HP: 6/19 MP: 2/2
   401 | D:1      | Reached XP level 3. HP: 24/24 MP: 3/3
   730 | D:2      | Reached skill level 3 in Maces & Flails
   876 | D:2      | Reached XP level 4. HP: 24/29 MP: 4/4
  1083 | D:2      | Found an iron altar of Okawaru.
  1202 | D:2      | Became a worshipper of Warmaster Okawaru
  1719 | D:3      | Found a runed translucent gate.
  1719 | D:3      | Found a runed translucent gate.
  1720 | D:3      | Found a runed translucent gate.
  1725 | D:3      | Noticed Tollund's ghost (amateur FoHu)
  2041 | D:3      | Found Gyesyt's Weapon Shop.
  2219 | D:3      | Found a faded altar of an unknown god.
  2364 | D:4      | Reached XP level 5. HP: 33/33 MP: 5/5
  2376 | D:4      | Reached skill level 4 in Maces & Flails
  2551 | D:4      | Reached skill level 1 in Dodging
  2570 | D:4      | Reached XP level 6. HP: 28/38 MP: 6/6
  2615 | D:4      | Found a glowing drain.
  2623 | D:4      | Reached skill level 5 in Maces & Flails
  2631 | Sewer    | Entered a sewer
  3396 | Sewer    | Reached * piety under Okawaru
  3617 | Sewer    | HP: 1/39 [bullfrog (3)]
  3617 | Sewer    | Slain by a bullfrog

Illustrated notes

Levels and vault maps discovered:
D:1:      tarquinn_simple_flora_water_b, layout_rooms
D:2:      layout_basic, basic_altar, minmay_rat_hole
D:3:      layout_basic, serial_shops, shop, gammafunk_ghost_necromancy,
          dreamdust_ecumenical_altar_hidden_monk_grotto
D:4:      layout_layer_cave, portal_sewer_entry_d, serial_bayou_pond_b,
          guppyfry_early_orc_mine
Sewer:    sewer_minmay_w

Skill      XL: |  1  2  3  4  5  6 |
---------------+-------------------+-----
Maces & Flails | 3 4 5 |  5.5
Fighting       | 4 |  4.4
Armour         | 4 |  4.4
Dodging        | 1 |  1.1
Shields        | |  3.8

Action                     |  1- 3 |  4- 6 || total
---------------------------+-------+-------++-------
  Melee: Flail             |   169 |   246 ||   415
    Use: Scroll            |       |     7 ||     7
         Potion            |       |     4 ||     4
   Stab: Invisible         |       |     1 ||     1
 Armour: Scale mail        |   149 |   310 ||   459
  Dodge: Dodged            |   113 |   166 ||   279
  Block: Buckler           |    50 |    88 ||   138

Table legend: (Time is in decaauts)
 A = Elapsed time spent in this place.
 B = Non-inter-level travel time spent in this place.
 C = Inter-level travel time spent in this place.
 D = Time resting spent in this place.
 E = Time spent auto-exploring this place.
 F = Levels seen in this place.
 G = Mean time per level.
                   A        B        C        D        E       F      G
               +--------+--------+--------+--------+--------+-----+--------+
         Total |   3752 |   3670 |     82 |    722 |   1847 |   5 |  750.4 |
       Dungeon |   2712 |   2630 |     82 |     50 |   1832 |   4 |  678.0 |
         Sewer |   1040 |   1040 |      0 |    672 |     15 |   1 | 1040.0 |
               +--------+--------+--------+--------+--------+-----+--------+

Top non-repeatable levels by time:
     D:2: 1049 daAuts
   Sewer: 1040 daAuts
     D:3: 704 daAuts
     D:1: 665 daAuts
     D:4: 293 daAuts
